 Dungeon Crawl Stone Soup version 0.23.1-37-gaa34b87b72 (webtiles) character file.

Game seed: 1892200995815535512

525 Peloso the Slasher (level 7, 0/60 HPs)
             Began as a Minotaur Fighter on Mar 27, 2019.
             Slain by a mummy (9 damage)
             ... in an ossuary.
             The game lasted 00:06:23 (2562 turns).

Peloso the Slasher (Minotaur Fighter)               Turns: 2562, Time: 00:06:23

Health: 0/60       AC: 14    Str: 21    XL:     7   Next: 2%
Magic:  6/6        EV:  6    Int:  5    God:
Gold:   156        SH: 10    Dex: 11    Spells: 6/6 levels left

rFire    . . .     SeeInvis .   a - +0 long sword
rCold    . . .     Gourm    .   c - +0 shield
rNeg     . . .     Faith    .   j - +0 chain mail
rPois    .         Spirit   .   (helmet restricted)
rElec    .         Reflect  .   i - +0 cloak
rCorr    .         Harm     .   (no gloves)
MR       .....                  s - +2 pair of boots
Stlth    ..........             (no amulet)
HPRegen  0.20/turn              r - +3 ring of slaying
MPRegen  0.10/turn              (no ring)

@: marked
A: retaliatory headbutt, horns 2
a: no special abilities


You were in an ossuary.
You were hungry.

You visited 1 branch of the dungeon, and saw 4 of its levels.
You also visited: Ossuary.

You collected 156 gold pieces.

Inventory:

Hand Weapons
 a - a +0 long sword (weapon)
Armour
 b - a +0 scale mail
 c - a +0 shield (worn)
 i - a +0 cloak (worn)
 j - a +0 chain mail (worn)
 s - a +2 pair of boots (worn)
Jewellery
 r - a +3 ring of slaying (left hand)
Scrolls
 e - 3 scrolls of identify
 g - a scroll of magic mapping
 h - 3 scrolls of remove curse {unknown}
 l - 4 scrolls of teleportation {unknown}
 p - 2 scrolls of amnesia {unknown}
 q - 2 scrolls of enchant armour {unknown}
 t - a scroll of noise {unknown}
 u - a scroll of fog {unknown}
 v - a scroll of random uselessness {unknown}
Potions
 d - 2 potions of might
 m - 2 potions of brilliance
 n - 2 potions of curing
Comestibles
 f - 5 rations
 w - a chunk of flesh


   Skills:
 + Level 4.8 Fighting
 + Level 5.8 Long Blades
 + Level 5.1 Armour
 + Level 1.9 Dodging
 + Level 0.2 Stealth
 + Level 5.7 Shields


You had 6 spell levels left.
You didn't know any spells.
Your spell library was empty.

Dungeon Overview and Level Annotations

Branches:
Dungeon (4/15)
 Temple: D:4-7

Altars:


Innate Abilities, Weirdness & Mutations

You reflexively headbutt those who attack you in melee.
You have a pair of horns on your head.


Message History

You destroy the human zombie!
You have reached level 7!
You block the mummy's attack. The mummy hits you.
You closely miss the kobold zombie.
The kobold zombie hits you but does no damage.
The mummy hits you!
* * * LOW HITPOINT WARNING * * *
The mummy hits you!
* * * LOW HITPOINT WARNING * * *
You feel much better.
You hit the kobold zombie.
The kobold zombie is moderately damaged.
You block the kobold zombie's attack. You block the mummy's attack.
The mummy hits you!
* * * LOW HITPOINT WARNING * * *
Unknown command.
You slash the kobold zombie!
You destroy the kobold zombie!
The mummy hits you!
You die...

##################
#@MZ..............
#.M...............
#........8..8.....
#.................
#...######Z.######
#...# #..# # #...#
#..# # #...# #ZZ#
# #...# .Z.Z #


You could see 2 mummies and an orc zombie.

Vanquished Creatures
  Sigmund (D:2)
  2 elf zombies (Ossuary)
  A human zombie (Ossuary)
  A big kobold zombie (Ossuary)
  9 adders
  2 adder zombies (Ossuary)
  An adder skeleton (D:4)
  2 worms (D:3)
  3 dart slugs
  3 leopard geckos
  2 orcs (D:3)
  3 giant cockroaches
  8 goblins
  4 hobgoblins
  6 jackals
  A quokka (D:3)
  A ball python (D:2)
  7 bats
  3 frilled lizards
  A goblin zombie (Ossuary)
  6 hobgoblin zombies (Ossuary)
  3 jackal zombies (Ossuary)
  4 kobolds
  11 kobold zombies (Ossuary)
  8 orc zombies (Ossuary)
  8 rats
101 creatures vanquished.

Notes
Turn   | Place    | Note
-------+----------+-------------------------------------------
     0 | D:1      | Peloso the Minotaur Fighter began the quest for the Orb.
     0 | D:1      | Reached XP level 1. HP: 19/19 MP: 0/0
    81 | D:1      | Reached XP level 2. HP: 23/27 MP: 1/1
   709 | D:1      | Reached XP level 3. HP: 33/33 MP: 2/2
  1161 | D:2      | Noticed Sigmund
  1175 | D:2      | Killed Sigmund
  1175 | D:2      | Reached skill level 1 in Dodging
  1175 | D:2      | Reached skill level 5 in Shields
  1175 | D:2      | Reached XP level 4. HP: 26/40 MP: 3/3
  1175 | D:2      | Reached XP level 5. HP: 30/46 MP: 4/4
  1597 | D:3      | Reached XP level 6. HP: 53/53 MP: 5/5
  1902 | D:3      | Reached skill level 5 in Armour
  2371 | D:4      | Found a sand-covered staircase.
  2389 | Ossuary  | Entered an ossuary
  2520 | Ossuary  | Reached skill level 5 in Long Blades
  2558 | Ossuary  | Reached XP level 7. HP: 22/60 MP: 6/6
  2562 | Ossuary  | Slain by a mummy

Skill      XL: |  1  2  3  4  5  6 |
---------------+-------------------+-----
Shields        | 4 5 |  5.7
Armour         | 4 5 |  5.1
Long Blades    | 4 5 |  5.8
Fighting       | 4 |  4.8
Dodging        | 1 |  1.9
Stealth        | |  0.2

Action                   |  1- 3 |  4- 6 |  7- 9 || total
-------------------------+-------+-------+-------++-------
Melee: Long sword        |    92 |   143 |     3 ||   238
       Headbutt          |    14 |    31 |       ||    45
  Use: Scroll            |       |     5 |       ||     5
       Potion            |       |       |     1 ||     1
  Eat: Chunk             |       |     5 |       ||     5
Armor: Scale mail        |    27 |       |       ||    27
       Chain mail        |    17 |    86 |     1 ||   104
Dodge: Dodged            |    28 |    37 |       ||    65
Block: Shield            |    61 |    84 |     3 ||   148
       Rpst.: Long sword |     7 |    11 |       ||    18
